 Dungeon Crawl Stone Soup version 0.28.0 (webtiles) character file.

Game seed: 9712127437702234620

1306 Host24 the Quickloader (level 8, 0/52 HPs)
             Began as a Kobold Hunter on Feb 19, 2022.
             Slain by an orc wizard (3 damage)
             ... on level 5 of the Dungeon.
             The game lasted 00:10:56 (6320 turns).

Host24 the Quickloader (Kobold Hunter)              Turns: 6320, Time: 00:10:56

Health: 0/52       AC:  7    Str: 12    XL:     8   Next: 88%
Magic:  8/8        EV: 17    Int: 12    God:
Gold:   289        SH:  0    Dex: 21    Spells: 7/7 levels left

rFire   . . .      SeeInvis .   q - +3 hand axe
rCold   . . .      Faith    .   (no shield)
rNeg    + . .      Spirit   .   p - +3 leather armour
rPois   .          Reflect  .   (no helmet)
rElec   .          Harm     .   (no cloak)
rCorr   .          Rampage  .   (no gloves)
Will    .....                   i - +0 pair of boots
Stlth   ++........              (no amulet)
HPRegen 0.17/turn               m - ring of positive energy
MPRegen 0.11/turn               t - +6 ring of dexterity

@: confused
A: small, no large weapons, nightstalker 3
a: no special abilities


You were on level 5 of the Dungeon.
You visited 1 branch of the dungeon, and saw 6 of its levels.

You collected 289 gold pieces.

Inventory:

Hand Weapons
 n - a +2 hand crossbow of freezing
 q - a +3 hand axe (weapon)
Missiles
 d - 30 bolts
 g - 160 stones (quivered)
 k - 25 arrows
 l - 8 boomerangs
 v - 31 sling bullets
 z - 4 poisoned darts
Armour
 b - +0 steam dragon scales
 i - a +0 pair of boots (worn)
 p - a +3 leather armour (worn)
Jewellery
 m - a ring of positive energy (left hand)
 o - a ring of protection from fire
 t - a +6 ring of dexterity (right hand)
Scrolls
 c - 3 scrolls of noise {unknown}
 e - a scroll of enchant armour {unknown}
 r - a scroll of brand weapon {unknown}
 s - a scroll of immolation {unknown}
 w - a scroll of torment {unknown}
 x - a scroll of enchant weapon {unknown}
 y - a scroll of identify {unknown}
 A - a scroll of teleportation {unknown}
Potions
 a - 2 potions of resistance {unknown}
 f - 3 potions of curing {unknown}
 h - a potion of lignification {unknown}
 j - a potion of brilliance {unknown}
 u - a potion of flight {unknown}


   Skills:
 - Level 6.3 Fighting
 - Level 10.3 Crossbows
 + Level 5.1 Dodging
 - Level 1.3 Stealth


You had 7 spell levels left.
You didn't know any spells.
Your spell library was empty.

Dungeon Overview and Level Annotations

Branches:
Dungeon (6/15)
 Temple: D:4-7

Altars:
Cheibriados
Gozag
Vehumet

Annotations:
D:4 3 runed translucent doors
D:6 1 runed translucent door, Crazy Yiuf


Innate Abilities, Weirdness & Mutations

You are small and have problems with some larger weapons.
You are completely attuned to the shadows.


Message History

The bolt freezes the orc warrior.
The orc warrior is lightly wounded.
The orc warrior barely misses you.
You shoot a bolt. The bolt hits the orc warrior!
The bolt freezes the orc warrior.
The orc warrior is moderately wounded.
The orc warrior hits you with a +0 quarterstaff.
An orc wizard comes into view. It is wielding a +0 dagger.
You shoot a bolt.
The bolt completely misses the orc warrior.
The orc wizard shouts!
You hear a shout!
The orc warrior hits you with a +0 quarterstaff.
The orc wizard gestures at you while chanting.
You are confused.
Your +2 hand crossbow of freezing stops glowing.
q - a +3 hand axe (weapon)
The orc warrior hits you with a +0 quarterstaff.
The orc warrior hits you with a +0 quarterstaff!
You miss the orc warrior.
The orc warrior is moderately wounded.
The orc warrior hits you with a +0 quarterstaff!
The orc wizard casts a spell at you. The magic dart hits you!
You're too confused to move!
The orc warrior barely misses you.
You hit the orc warrior.
The orc warrior is moderately wounded.
You hit the orc wizard but do no damage. x2
The orc warrior misses you. The orc wizard misses you.
The orc wizard hits you but does no damage.
You feel less confused.
You hit the orc wizard.
The orc wizard is lightly wounded.
You hit the orc warrior but do no damage.
You closely miss the orc wizard.
The orc warrior hits you with a +0 quarterstaff!
* * * LOW HITPOINT WARNING * * *
The orc wizard casts a spell at you.
You are confused.
The orc wizard hits you with a +0 dagger.
You die...

............ #
#..##.....##...
#.)#.#.....#.....
.................
...#..#........# .#
.....##........# ...
...............###...
...###.........o.....
..##...(..o@...# ###
#.(..(.o....####.##
..................###
.##.................#
.................###
..............#.....#
....................##
.................[......###
...........##....#.##....#


You could see an orc warrior and 2 orc wizards.

Vanquished Creatures
  A steam dragon (D:6)
  A sky beast (D:6)
  An ice beast (D:6)
  A black bear (D:5)
  An ogre (D:4)
  2 necrophages
  A phantom (D:5)
  A bullfrog (D:4)
  A scorpion (D:5)
  2 wights (D:6)
  A jelly (D:6)
  A centaur zombie (D:5)
  2 hounds
  An iron imp (D:4)
  An iguana (D:2)
  Natasha (D:2)
  A hound skeleton (D:4)
  5 adders
  An ufetubus (D:6)
  3 dart slugs
  11 orcs
  3 bats
  11 endoplasms
  2 giant cockroaches
  13 goblins
  8 hobgoblins
  5 jackals
  6 kobolds
  5 quokkas
  2 ball pythons
  A frilled lizard (D:1)
  6 rats
102 creatures vanquished.

Notes
Turn   | Place    | Note
-------+----------+-------------------------------------------
     0 | D:1      | Host24 the Kobold Hunter began the quest for the Orb.
     0 | D:1      | Reached XP level 1. HP: 12/12 MP: 1/1
    61 | D:1      | Reached skill level 5 in Crossbows
   382 | D:1      | Reached XP level 2. HP: 15/18 MP: 2/2
   947 | D:1      | Reached XP level 3. HP: 14/23 MP: 3/3
  1067 | D:1      | Noticed a floating eye
  1069 | D:1      | Found a faded altar of an unknown god.
  1069 | D:1      | Noticed an eye of devastation
  1072 | D:1      | Noticed a shining eye
  1072 | D:1      | Noticed a golden eye
  2198 | D:2      | Reached XP level 4. HP: 28/28 MP: 4/4
  2244 | D:2      | Noticed Natasha
  2255 | D:2      | Killed Natasha
  2543 | D:2      | Reached skill level 6 in Crossbows
  2754 | D:2      | Found a radiant altar of Vehumet.
  2778 | D:2      | Reached XP level 5. HP: 16/32 MP: 5/5
  4364 | D:4      | You fall into a shaft and drop 2 floors!
  4369 | D:6      | Reached skill level 7 in Crossbows
  4369 | D:6      | Reached XP level 6. HP: 37/37 MP: 6/6
  4647 | D:6      | Noticed a steam dragon
  4656 | D:6      | Killed a steam dragon
  4657 | D:6      | Reached skill level 8 in Crossbows
  4657 | D:6      | Reached XP level 7. HP: 23/41 MP: 7/7
  4727 | D:6      | Reached skill level 9 in Crossbows
  4766 | D:6      | Found an opulent altar of Gozag.
  4909 | D:6      | Found a runed translucent door.
  4912 | D:6      | Noticed Crazy Yiuf
  5139 | D:6      | Reached skill level 10 in Crossbows
  5139 | D:6      | Reached XP level 8. HP: 46/46 MP: 8/8
  5204 | D:5      | Entered Level 5 of the Dungeon
  5226 | D:4      | Found a runed translucent gate.
  5226 | D:4      | Found a runed translucent gate.
  5226 | D:4      | Found a runed translucent gate.
  5519 | D:4      | Reached skill level 5 in Fighting
  5913 | D:4      | Found a snail-covered altar of Cheibriados.
  6240 | D:5      | Reached skill level 5 in Dodging
  6320 | D:5      | Slain by an orc wizard

Illustrated notes

Levels and vault maps discovered:
D:1:      onia_arrival_mini_spirals, layout_basic,
          hellmonk_ecumenical_altar_watching_god
D:2:      layout_basic, basic_altar, chequers_avenue, uniq_natasha
D:3:      layout_loops_corners, minmay_surrounded
D:4:      layout_cave_pools, slow_altar_1, gammafunk_ghost_cemetery
D:5:      layout_cave_pools, grunt_ministairs_9
D:6:      layout_loops_cross, mainiacjoe_overflow_alcove_3, grunt_gozag_statues,
          serial_park_tiny_pond, uniq_crazy_yiuf_cottage

Skill      XL: |  1  2  3  4  5  6  7  8 |
---------------+-------------------------+-----
Crossbows      | 5 6 7 8 10 | 10.3
Fighting       | 3 6 |  6.3
Dodging        | 3 5 |  5.1
Stealth        | |  1.3

Action                   |  1- 3 |  4- 6 |  7- 9 || total
-------------------------+-------+-------+-------++-------
Melee: Short sword       |   144 |   104 |       ||   248
       Punch             |     2 |       |       ||     2
       Hand axe          |       |     4 |    96 ||   100
 Fire: Hand crossbow     |     9 |    36 |    49 ||    94
 Stab: Sleeping          |    12 |     9 |     2 ||    23
       Distracted        |       |     1 |       ||     1
Armor: Leather armour    |    29 |    30 |    64 ||   123
Dodge: Dodged            |   106 |    94 |   127 ||   327
